AoeStats
← agufiru17

Arabia

510670916Analyzed
1v1 RM · 2d ago on Oct 2, 2026· 35m 55s· 2 players
Game mode
Random Map
Map size
Tiny (2 player)
Population
200
Speed
Normal
Resources
Standard
Victory
Conquest
Starting age
Dark Age
Ending age
Imperial Age
RankedLock teamsTeams togetherTeam positionsShared explorationLock speedFull tech treeHidden civsTurbo modeCheats
Victory
Defeat
🇦🇷 Goths · Argentina
1169
+16
🇩🇪 Mongols · Germany
1166
-16
MooseMooch
7:11 Loom
8:56 Feudal Age
9:58 Double-Bit Axe
9:47 Man-at-Arms
16:35 Fletching
19:02 Wheelbarrow
23:48 Castle Age
22:28 Scale Barding Armor
22:54 Forging
22:35 Horse Collar
23:18 Gold Mining
25:35 Bow Saw
25:47 Heavy Plow
26:33 Husbandry
26:44 Bloodlines
31:09 Squires
30:29 Long Swordsman
31:10 Scale Mail Armor
31:58 Iron Casting
32:26 Chain Mail Armor
agufiru17
4:53 Loom
9:36 Feudal Age
10:05 Double-Bit Axe
16:59 Fletching
17:25 Padded Archer Armor
23:20 Castle Age
21:36 Scale Mail Armor
21:34 Gold Mining
21:47 Horse Collar
21:58 Stone Mining
24:34 Chain Mail Armor
25:16 Wheelbarrow
24:53 Bow Saw
25:24 Squires
25:38 Forging
26:44 Town Watch
26:43 Pikeman
29:49 Iron Casting
35:18 Imperial Age
33:05 Man-at-Arms
33:57 Long Swordsman
35:20 Two-Handed Swordsman
37:02 Blast Furnace
36:27 Conscription
Connection lost

Rejoining the realm…

Still unreachable

The connection could not be restored.

Session expired

The server has moved on; the page needs a fresh start.